 Dungeon Crawl Stone Soup version 0.28-a0-697-g47f3eba078 (webtiles) character file.

Game seed: 14822233035044968172

567 KoroneIsBestGirl the Shield-Bearer (level 7, -3/37 HPs)
             Began as a Vine Stalker Fighter on Oct 24, 2021.
             Killed by nerve-wracking pain
             ... invoked by Menkaure
              (11 damage)
             ... on level 6 of the Dungeon.
             The game lasted 00:05:16 (4028 turns).

KoroneIsBestGirl the Shield-Bearer (VSFi)           Turns: 4028, Time: 00:05:17

Health: -3/37      AC: 11    Str: 21    XL:     7   Next: 33%
Magic:  0/8        EV:  9    Int:  8    God:
Gold:   204        SH:  5    Dex: 13    Spells: 5/6 levels left

rFire   . . .      SeeInvis .   a - +0 trident
rCold   . . .      Faith    .   c - +0 buckler
rNeg    . . .      Spirit   +   b - +0 scale mail
rPois   +          Reflect  .   j - +0 helmet
rElec   .          Harm     .   o - +2 cloak
rCorr   .          Rampage  .   (no gloves)
Will    .....                   (no boots)
Stlth   ..........              (no amulet)
HPRegen 1.12/turn               s - ring of poison resistance
MPRegen 0.11/turn               (no ring)

@: no status effects
A: fangs 2, regeneration 1, magic shield, antimagic bite, no potion heal 2
a: no special abilities


You were on level 6 of the Dungeon.
You visited 1 branch of the dungeon, and saw 6 of its levels.

You collected 204 gold pieces.

Inventory:

Hand Weapons
 a - a +0 trident (weapon)
Armour
 b - a +0 scale mail (worn)
 c - a +0 buckler (worn)
 d - a +0 kite shield
 j - a +0 helmet (worn)
 o - a +2 cloak (worn)
Jewellery
 s - a ring of poison resistance (left hand)
Wands
 q - a wand of iceblast (10)
Scrolls
 h - a scroll of teleportation
 k - a scroll of identify
 m - a scroll of summoning {unknown}
 n - 3 scrolls of enchant armour
 r - 2 scrolls of enchant weapon {unknown}
 t - a scroll of vulnerability {unknown}
Potions
 e - 3 potions of degeneration {unknown}
 f - a potion of flight
 g - a potion of cancellation
 i - a potion of haste {unknown}
 l - 2 potions of heal wounds
 p - a potion of attraction {unknown}


   Skills:
 + Level 4.2 Fighting
 + Level 3.7 Polearms
 + Level 3.8 Armour
 * Level 4.4 Shields
 * Level 1.1 Conjurations


You had 5 spell levels left.
You knew the following spells:

 Your Spells              Type           Power      Damage    Failure   Level
a - Foxfire               Conj/Fire      0%         2x1d4     67%         1

Your spell library contained the following spells:

 Spells                   Type           Power      Damage    Failure   Level
 Freeze                   Ice            0%         1d3       75%         1
 Conjure Flame            Conj/Fire      0%         6-21      95%         3
 Frozen Ramparts          Ice            0%         1d2       98%         3
 Inner Flame              Hex/Fire       0%         N/A       98%         3
 Flame Wave               Conj/Fire      0%         3d3       100%        4
 Hailstorm                Conj/Ice       0%         3d3       100%        4


Dungeon Overview and Level Annotations

Branches:
Dungeon (6/15)
 Temple: D:4-7

Altars:
Qazlal
Uskayaw
Yredelemnul

Shops:
D:3 (

Annotations:
D:6 Menkaure


Innate Abilities, Weirdness & Mutations

You have extremely sharp teeth.
Your natural rate of healing is unusually fast.
When hurt, damage is shared between your health and your magic reserves.
Your bite disrupts and absorbs the magic of your enemies.
Potions cannot restore your health.


Message History

Menkaure's magic leaks into the air.
You drain his magic.
Menkaure is moderately damaged.
Menkaure closely misses you. Menkaure hits you but does no damage.
You hit Menkaure. You bite Menkaure, but do no damage.
Menkaure is moderately damaged.
Menkaure hits you.
You hit Menkaure.
Menkaure is heavily damaged.
Menkaure hits you!
You hit Menkaure. You bite Menkaure, but do no damage.
Menkaure is heavily damaged.
Menkaure hits you. Menkaure hits you!!
* * * LOW HITPOINT WARNING * * *
You are too injured to fight recklessly!
You are too injured to fight recklessly!
You are too injured to fight recklessly!
You are too injured to fight recklessly!
You are too injured to fight recklessly!
You are too injured to fight recklessly!
You are too injured to fight recklessly!
You are too injured to fight recklessly!
You are too injured to fight recklessly!
You are too injured to fight recklessly!
You are too injured to fight recklessly!
You are too injured to fight recklessly!
You are too injured to fight recklessly!
You are too injured to fight recklessly!
You are too injured to fight recklessly!
You are too injured to fight recklessly!
You are too injured to fight recklessly!
You are too injured to fight recklessly!
You are too injured to fight recklessly!
You are too injured to fight recklessly!
You are too injured to fight recklessly!
Okay, then.
You hit Menkaure.
Menkaure is severely damaged.
Menkaure gestures at you while chanting.
Pain shoots through your body!
You die...

#. ..# #.# ..# #######
.. ..# #.....# #.#..####
#.##..# ........
###...#.# #.#..#
#.....#.#######....#
#.##...............#
#...#.##...#####@.##
....#...#..# #..M.......
##......#..# #........#.
..#.###.....##...>....#
..#...#.##..##..........
......#...#.##......###.
#.##......#.##.$....#
#...#.##..........###
....#...#.##.


You could see Menkaure (fast).

Vanquished Creatures
  Duvessa (D:4)
  A black bear (D:6)
  A scorpion (D:4)
  Dowan (D:4)
  Crazy Yiuf (D:4)
  2 hounds (D:4)
  A hound skeleton (D:4)
  A gnoll (D:5)
  6 adders
  An adder skeleton (D:4)
  3 worms
  2 dart slugs
  12 orcs
  4 endoplasms
  2 giant cockroaches
  11 goblins
  4 hobgoblins
  2 jackals (D:2)
  A quokka (D:3)
  8 ball pythons
  4 bats
  3 frilled lizards
  A kobold (D:1)
  6 rats
79 creatures vanquished.

Notes
Turn   | Place    | Note
-------+----------+-------------------------------------------
     0 | D:1      | KoroneIsBestGirl the Vine Stalker Fighter began the quest
                  | for the Orb.
     0 | D:1      | Reached XP level 1. HP: 11/11 MP: 2/2
   221 | D:1      | Reached XP level 2. HP: 16/16 MP: 3/3
   749 | D:2      | Reached XP level 3. HP: 8/20 MP: 4/4
   992 | D:2      | Found a faded altar of an unknown god.
  1345 | D:2      | Gained mutation: Your natural rate of healing is unusually
                  | fast. [Vine Stalker growth]
  1345 | D:2      | Reached XP level 4. HP: 23/24 MP: 5/5
  1400 | D:2      | Found a basalt altar of Yredelemnul.
  1774 | D:3      | Found Zataa's Antique Weapon Shoppe.
  1809 | D:3      | Found a hide-covered altar of Uskayaw.
  1835 | D:3      | Found a stormy altar of Qazlal.
  2493 | D:4      | Reached XP level 5. HP: 28/28 MP: 4/6
  2841 | D:4      | Reached XP level 6. HP: 33/33 MP: 5/7
  2903 | D:4      | Noticed Duvessa
  2903 | D:4      | Noticed Dowan
  2917 | D:4      | Killed Duvessa
  2920 | D:4      | Killed Dowan
  3177 | D:4      | Found a runed translucent door.
  3178 | D:4      | Noticed Crazy Yiuf
  3245 | D:4      | Killed Crazy Yiuf
  3246 | D:4      | Reached XP level 7. HP: 10/37 MP: 2/8
  3514 | D:5      | Entered Level 5 of the Dungeon
  3571 | D:5      | Learned a level 1 spell: Foxfire
  3940 | D:6      | Reached skill level 1 in Conjurations
  3999 | D:6      | Identified the +0 dagger of Juceon {vorpal, Dex+4}
  4020 | D:6      | Noticed Menkaure
  4028 | D:6      | Killed from afar by Menkaure

Illustrated notes

Levels and vault maps discovered:
D:1:      tarquinn_simple_flora_water_a, layout_loops_cross
D:2:      layout_basic, basic_altar, chequers_ecumenical_altar_simple_redux
D:3:      layout_loops_cross, grunt_qazlal_clouds,
          mainiacjoe_overflow_cross_hatched, serial_shops, shop
D:4:      layout_loops_ring, kennysheep_generic_room_9, uniq_crazy_yiuf_cottage,
          uniq_duvessa
D:5:      layout_loops_ring
D:6:      layout_basic, zin_scriptorium, minmay_temple_entry_grid,
          hangedman_decor_points, uniq_sigmund, uniq_menkaure

Skill      XL: |  1  2  3  4  5  6  7 |
---------------+----------------------+-----
Polearms       | 2 3 |  3.7
Fighting       | 3 4 |  4.2
Shields        | 3 4 |  4.4
Armour         | 3 |  3.8
Conjurations   | 1 |  1.1

Action                   |  1- 3 |  4- 6 |  7- 9 || total
-------------------------+-------+-------+-------++-------
Melee: Trident           |    88 |   144 |    57 ||   289
       Bite              |    16 |    44 |    20 ||    80
  Use: Potion            |       |     1 |     3 ||     4
       Scroll            |       |       |     3 ||     3
Armor: Scale mail        |    31 |    60 |    26 ||   117
Dodge: Dodged            |    47 |    56 |    24 ||   127
Block: Buckler           |    10 |    37 |    18 ||    65

Table legend: (Time is in decaauts)
 A = Elapsed time spent in this place.
 B = Non-inter-level travel time spent in this place.
 C = Inter-level travel time spent in this place.
 D = Time resting spent in this place.
 E = Time spent auto-exploring this place.
 F = Levels seen in this place.
 G = Mean time per level.
                   A        B        C        D        E       F      G
               +--------+--------+--------+--------+--------+-----+--------+
         Total |   4076 |   3823 |    253 |    410 |   2780 |   6 |  679.3 |
       Dungeon |   4076 |   3823 |    253 |    410 |   2780 |   6 |  679.3 |
               +--------+--------+--------+--------+--------+-----+--------+

Top non-repeatable levels by time:
     D:4: 1111 daAuts
     D:2: 997 daAuts
     D:1: 743 daAuts
     D:3: 704 daAuts
     D:5: 370 daAuts
     D:6: 148 daAuts
